 Dungeon Sprint DCSS version 0.21.1-1-g345015f (webtiles) character file.

427 raistware the Basher (level 6, -10/60 HPs)
             Began as a Gargoyle Berserker on Apr 16, 2018.
             Was a Believer of Trog.
             Mangled by a deep troll (12 damage)
             ... in the Dungeon (Sprint I: "Red Sonja").
             The game lasted 00:07:06 (365 turns).

raistware the Basher (Gargoyle Berserker)            Turns: 365, Time: 00:07:09

Health: -10/60     AC: 10    Str: 27    XL:     6   Next: 97%
Magic:  6/6        EV: 11    Int:  8    God:    Trog [**....]
Gold:   261        SH:  0    Dex:  9    Spells: 5/5 levels left

rFire    . . .     SeeInvis .   a - +0 mace
rCold    . . .     Gourm    .   (no shield)
rNeg     + . .     Faith    .   k - +0 ring mail
rPois    ∞         Spirit   .   (no helmet)
rElec    +         Reflect  .   (no cloak)
rCorr    .         Harm     .   (no gloves)
MR       .....     NoTele   +   (no boots)
Stlth    ..........             (no amulet)
HPRegen  0.20/turn              (no ring)
MPRegen  0.10/turn              (no ring)

@: berserking, very quick
A: negative energy resistance 1, electricity resistance, unbreathing,
petrification resistance, rot immunity, AC +4
a: Berserk, Trog's Hand, Burn Spellbooks, Renounce Religion


You were in the Dungeon.
You worshipped Trog.
Trog was pleased with you.
You were very hungry.

You visited 1 branch You collected 405 gold pieces.
You spent 144 gold pieces at shops.

Inventory:

Hand Weapons
 a - a +0 mace (weapon)
Missiles
 b - 8 curare-tipped needles
Armour
 k - a +0 ring mail (worn)
Wands
 j - a wand of random effects (26)
Scrolls
 i - a scroll of blinking
Potions
 d - 2 potions of curing
 e - a potion of heal wounds
 g - 2 potions of magic
 h - a potion of berserk rage
 l - a potion of invisibility
 m - a potion of degeneration
Comestibles
 c - a ration


   Skills:
 + Level 5.1 Fighting
 * Level 13.5 Maces & Flails
 + Level 3.3 Armour
 - Level 1.5 Dodging


You had 5 spell levels left.
You didn't know any spells.

Dungeon Overview and Level Annotations

Branches:
Dungeon (1/1)

Altars:
Cheibriados
Dithmenos
Elyvilon
Fedhas
Gozag
Hepliaklqana
Kikubaaqudgha
Nemelex Xobeh
Okawaru
Qazlal
Ru
Sif Muna
Trog
Uskayaw
Vehumet
Wu Jian
Yredelemnul
Zin
The Shining One

Shops:
D !

Annotations:
D Sonja


Innate Abilities, Weirdness & Mutations

You are resistant to torment.
Your stone body is resilient. (AC +4)
You are immune to poison.
You resist negative energy. (rN+)
You are resistant to electric shocks. (rElec)
You can survive without breathing.
You are immune to petrification.
You are immune to rotting.


Message History

You are feeling very hungry.
You feel a strong urge to attack something.
You closely miss the deep troll. The deep troll bites you!!
The deep troll claws you! The deep troll misses you.
You bludgeon the deep troll!!
The deep troll is moderately wounded.
You sock the deep troll!
The deep troll is severely wounded.
The deep troll bites you. The deep troll barely misses you.
The deep troll claws you but does no damage.
You thump the deep troll!
The deep troll is almost dead.
You barely miss the deep troll.
The deep troll is almost dead.
The deep troll bites you.
* * * LOW HITPOINT WARNING * * *
The deep troll claws you!
* * * LOW HITPOINT WARNING * * *
The deep troll claws you!
You die...

#..#####'#####'#
#..####..#...#[#
#..#__####..##(#
#..#_____##'#_.+
#⌠⌠#_.∩...'..._#
####_..__##_.#+#
#_____###'#
#########.####+###
+..@T$$.$$+
#...####### ##.##
#+#


You could see a deep troll.

Vanquished Creatures
  Sigmund (D)
  A yak (D)
  An ogre (D)
  A jelly (D)
  Ijyb (D)
5 creatures vanquished.

Vanquished Creatures (others)
  A gargoyle (D)
1 creature vanquished.

Grand Total: 6 creatures vanquished

Notes
Turn   | Place    | Note
-------+----------+-------------------------------------------
     0 | D        | raistware the Gargoyle Berserker began the quest for the Orb.
     0 | D        | Reached XP level 1. HP: 14/14 MP: 1/1
     2 | D        | Noticed Ijyb
    10 | D        | Killed Ijyb
    10 | D        | Reached skill level 6 in Maces & Flails
    10 | D        | Reached XP level 2. HP: 19/19 MP: 2/2
    10 | D        | Reached XP level 3. HP: 23/23 MP: 3/3
    39 | D        | Noticed an ogre
    43 | D        | Killed an ogre
    43 | D        | Reached skill level 9 in Maces & Flails
    43 | D        | Reached XP level 4. HP: 28/28 MP: 4/4
    54 | D        | Killed a gargoyle
    80 | D        | Noticed Sigmund
    86 | D        | Killed Sigmund
    86 | D        | Reached ** piety under Trog
    86 | D        | Reached skill level 12 in Maces & Flails
    86 | D        | Reached XP level 5. HP: 32/32 MP: 5/5
    86 | D        | Reached XP level 6. HP: 37/37 MP: 6/6
   128 | D        | Found a deep blue altar of Sif Muna.
   129 | D        | Found an ornate altar of the Wu Jian Council.
   130 | D        | Found a radiant altar of Vehumet.
   178 | D        | Found Pyutam's Distillery.
   178 | D        | Found an ancient bone altar of Kikubaaqudgha.
   178 | D        | Found a hazy altar of Hepliaklqana.
   178 | D        | Found a hide-covered altar of Uskayaw.
   178 | D        | Found a basalt altar of Yredelemnul.
   178 | D        | Found an opulent altar of Gozag.
   178 | D        | Found a snail-covered altar of Cheibriados.
   178 | D        | Found a sacrificial altar of Ru.
   178 | D        | Found a shadowy altar of Dithmenos.
   178 | D        | Noticed a yak
   186 | D        | Killed a yak
   186 | D        | Reached skill level 5 in Fighting
   186 | D        | Reached skill level 13 in Maces & Flails
   187 | D        | Found a stormy altar of Qazlal.
   187 | D        | Found a blossoming altar of Fedhas.
   187 | D        | Found a bloodstained altar of Trog.
   187 | D        | Found an iron altar of Okawaru.
   187 | D        | Found a glowing golden altar of the Shining One.
   187 | D        | Found a glowing silver altar of Zin.
   187 | D        | Found a white marble altar of Elyvilon.
   188 | D        | Found a sparkling altar of Nemelex Xobeh.
   192 | D        | Bought a potion of invisibility for 96 gold pieces
   192 | D        | Bought a potion of curing for 36 gold pieces
   192 | D        | Bought a potion of degeneration for 12 gold pieces
   249 | D        | Noticed Sonja
   358 | D        | Noticed a deep troll
   365 | D        | HP: 2/60 [deep troll (15)]
   365 | D        | Mangled by a deep troll

Skill      XL: |  1  2  3  4  5  6 |
---------------+-------------------+-----
Maces & Flails | 6 9 12 13 | 13.5
Fighting       | 5 |  5.1
Armour         | 3 |  3.3
Dodging        | |  1.5

Action                   |  1- 3 |  4- 6 || total
-------------------------+-------+-------++-------
Melee: Mace              |    10 |    35 ||    45
Invok: Berserk           |     2 |     5 ||     7
       Trog's Hand       |       |     1 ||     1
  Use: Potion            |       |     1 ||     1
  Eat: Chunk             |       |     4 ||     4
Armor: Animal skin       |     2 |       ||     2
       Ring mail         |       |    25 ||    25
Dodge: Dodged            |     3 |    27 ||    30
